cohdb
Replays
Latest Replays
All Replays
Popular Replays
Top Player Replays
Match Explorer
How It Works
Community
CoH3 Stats
Reddit
Sign in to upload your games and track your stats! →
Sign in with Steam
Match 43022070
Unlisted
Match 43022070
Overview
Messages
Build Orders
End
Panzergrenadier Squad
Selects Battlefield Espionage Battlegroup
250 Light Carrier
Panzergrenadier Squad
Construct Light Support Kompanie
2.5-tonne Medical Truck
Selects Intel Disruption Beacon
Fire Support Elements
Combat Half-tracks
Selects Plunder
Pak 38 Mechanized Group
2.5-tonne Medical Truck
Panzergrenadier Squad
Construct Panzerarmee Kommand
Veteran Squad Leaders
Armored Reserves
Selects 250/3 Funkpanzerwagen
Selects Advanced Ambush Training
GASK3T
Wilson
Turtleboy
Calm
DawarudoDestroya
Mr.NooB
铁娃
BBQ
0
0
Comments
sign in to comment!
No comments posted yet!